 Dungeon Sprint DCSS version 0.16-a0-3807-g3748f16 (webtiles) character file.

13774 BluebellGnoll the Spry (level 12, 0/72 HPs)
             Began as an Octopode Fire Elementalist on Jan 26, 2015.
             Was the Champion of Vehumet.
             Slain by a reaper
             ... wielding a +3 scythe of flaming
              (1 damage)
             ... in the Dungeon (Sprint V: "Ziggurat Sprint") on Jan 27, 2015.
             The game lasted 00:26:18 (809 turns).

BluebellGnoll the Spry (Octopode Fire Elementalist)  Turns: 809, Time: 00:26:19

Health: 0/72       AC:  1    Str: 20    XL:     12   Next: 9%
Magic:  19/33      EV: 24    Int: 34    God:    Vehumet [******]
Gold:   0          SH: 30    Dex: 24    Spells: 8 memorised, 12 levels left

rFire  . . .     SeeInvis +     K - +8 broad axe (flame)
rCold  . . .     Clarity  .     t - +18 shield of the gong {rElec rN+ MR+ EV-5}
rNeg   + . .     SustAb   .     (helmet restricted)
rPois  .         Gourm    .     (no amulet)
rElec  +         Spirit   .     n - +6 ring of dexterity
rCorr  .         Warding  .     o - +6 ring of dexterity
rMut   .         NoTele   +     p - +6 ring of intelligence
MR     +....                    q - +6 ring of intelligence
Stlth  ++++......               r - +6 ring of strength
                                s - +6 ring of strength
                                H - ring of see invisible
                                (no ring)

@: somewhat resistant to hostile enchantments, stealthy
A: almost no armour, amphibious, 8 rings, constrict 8, camouflage 1, gelatinous
body 1
a: Renounce Religion


You were in the Dungeon.
You worshipped Vehumet.
Vehumet was exalted by your worship.
You were not hungry.

You visited 1 branch

Inventory:

Hand weapons
 K - a +8 broad axe of flaming (weapon)
 R - the +7 Sceptre of Torment
   (You found it in the Dungeon)
 T - the +6 blowgun of Conformity {speed, rElec rC+ MR+ Str+3 Int+3}
   (You took it off a vault guard in the Dungeon)

   Attacks with this weapon are significantly faster.
   It affects your strength (+3).
   It affects your intelligence (+3).
   It protects you from cold.
   It insulates you from electricity.
   It affects your resistance to hostile enchantments.
Armour
 t - the +18 shield of the gong (worn) {rElec rN+ MR+ EV-5}
   (You found it in the Dungeon)

   It affects your evasion (-5).
   It insulates you from electricity.
   It protects you from negative energy.
   It affects your resistance to hostile enchantments.
Magical staves
 m - an uncursed staff of energy
Rods
 X - a +3 rod of the swarm (14/14)
   (You found it in the Dungeon)
Jewellery
 n - a +6 ring of dexterity (left tentacle)
 o - a +6 ring of dexterity (right tentacle)
 p - a +6 ring of intelligence (on tentacle)
 q - a +6 ring of intelligence (on tentacle)
 r - a +6 ring of strength (on tentacle)
 s - a +6 ring of strength (on tentacle)
 H - a ring of see invisible (on tentacle)
 N - an uncursed amulet of stasis
Magical devices
 a - a wand of disintegration (3)
 j - a wand of fire (1)
 k - a wand of cold (1)
 l - a wand of draining (8)
Scrolls
 i - 4 scrolls of blinking
 w - 4 scrolls of amnesia
 x - 2 scrolls of recharging
 y - 7 scrolls of fog
 z - 2 scrolls of holy word
 A - 4 scrolls of identify
 B - 5 scrolls of remove curse
 C - 2 scrolls of fear
 W - a scroll of enchant weapon
Potions
 d - 10 potions of curing
 e - 9 potions of heal wounds
 f - 7 potions of haste
 g - 7 potions of magic
 h - 3 potions of berserk rage
 D - a potion of brilliance
 E - 2 potions of invisibility
 F - 2 potions of restore abilities
 G - 4 potions of resistance
 I - 6 potions of agility
 J - 4 potions of might
 S - a potion of cure mutation
Books
 b - a book of Debilitation

   Spells                             Type                      Level
   a - Corona                         Hexes                        1
   b - Slow                           Hexes                        2
   c - Inner Flame                    Hexes/Fire                   3
   d - Enslavement                    Hexes                        4
   e - Cause Fear                     Hexes                        4
   f - Leda's Liquefaction            Hexes/Earth                  4
 O - a Necronomicon This book is beyond your current level of understanding.

   Spells                             Type                      Level
   a - Haunt                          Necromancy/Summoning         7
   b - Borgnjor's Revivification      Necromancy                   8
   c - Death's Door                   Charms/Necromancy            8
   d - Necromutation                  Transmutation/Necromancy     8
 U - the Tome of the Creative Birds
   (You found it in the Dungeon)

   Spells                             Type                      Level
   a - Summon Butterflies             Summoning                    1
   b - Static Discharge               Conjuration/Air              3
   c - Abjuration                     Summoning                    3
   d - Airstrike                      Air                          4
   e - Tornado                        Air                          9
 V - a book of Maledictions

   Spells                             Type                      Level
   a - Corona                         Hexes                        1
   b - Sure Blade                     Hexes/Charms                 2
   c - Ensorcelled Hibernation        Hexes/Ice                    2
   d - Confuse                        Hexes                        3
   e - Dazzling Spray                 Conjuration/Hexes            3
   f - Enslavement                    Hexes                        4
Miscellaneous
 M - a lamp of fire
 P - a box of beasts
 Q - 2 phantom mirrors
Comestibles
 c - 5 bread rations
 u - 42 fruits
 v - 4 meat rations
 L - 7 chunks of flesh


   Skills:
 - Level 2.6 Fighting
 - Level 16.1 Dodging
 - Level 2.6 Stealth
 - Level 7.3 Shields
 + Level 13.5 Spellcasting
 - Level 15.3 Conjurations
 - Level 3.0 Fire Magic
 - Level 10.3 Air Magic


You had 12 spell levels left.
You knew the following spells:

 Your Spells              Type           Power        Failure   Level  Hunger
a - Flame Tongue          Conj/Fire      #####        1%          1    None
b - Throw Flame           Conj/Fire      ######       1%          2    None
c - Summon Lightning Spi  Summ/Air       ######..     8%          4    None
d - Airstrike             Air            #######...   1%          4    None
e - Sticky Flame          Conj/Fire      ######..     1%          4    None
f - Fireball              Conj/Fire      ######....   1%          5    None
g - Mephitic Cloud        Conj/Pois/Air  ######..     1%          3    None
h - Dazzling Spray        Conj/Hex       ######..     1%          3    None


Dungeon Overview and Level Annotations

Branches:
Dungeon (1/1)

Altars:
Ashenzari
Cheibriados
Dithmenos
Elyvilon
Fedhas
Gozag
Kikubaaqudgha
Makhleb
Nemelex Xobeh
Okawaru
Qazlal
Ru
Sif Muna
Trog
Vehumet
Xom
Yredelemnul
Zin
The Shining One
Beogh
Jiyva
Lugonu


Innate Abilities, Weirdness & Mutations

You cannot wear most types of armour.
You are amphibious.
You can wear up to eight rings at the same time.
You can use your tentacles to constrict many enemies at once.
Your skin changes colour to match your surroundings (Stealth).
Your rubbery body absorbs attacks (AC +1).


Message History

GONNNNG!
You block the reaper's attack.
GONNNNG!
The hell hog bites you!
* * * LOW HITPOINT WARNING * * *
The hell hog spits sticky flame at you. You block the splash of liquid fire.
BONNNG!
You are too injured to fight recklessly!
Unknown command.
You hit the reaper. You burn the reaper.
The reaper is almost dead.
You hit the hell hog. You burn the hell hog.
The hell hog is lightly wounded.
You constrict the reaper. You block the hell hog's attack.
BOUMMMMG!
The reaper hits you with a scythe of flaming!!
* * * LOW HITPOINT WARNING * * *
The reaper burns you.
You die...

8©8 ▓...8©8...▓.
..:|)}=}.▓....[))..▓.
▓..[[=\)..▓..).:)...▓.
▓.........▓....!....▓.
▓.........▓....÷....▓.
▓.........▓.........▓.
▓.........▓..)......▓.
▓....2....▓....)....▓.
▓.▓..@..▓.▓.▓.....▓.▓.
▓...).h...▓.........▓▓
▓▓▓▓▓▓▓▓▓▓▓▓▓▓▓▓▓▓▓▓▓


You could see a reaper and a hell hog.

Vanquished Creatures
  A sphinx (D)
  3 vault guards (D)
  An ogre mage (D)
  A vampire mage (D)
  A wretched star (D)
  An ice devil (D)
  A skeletal warrior (D)
  A large abomination (D)
  A necromancer (D)
  4 draconians (D)
  A black mamba (D)
  A kobold demonologist (D)
  A yaktaur (D)
  2 blue devils (D)
  3 polar bears (D)
  A wraith (D)
  An air elemental (D)
  2 two-headed ogres (D)
  A shadow (D)
  2 vampires (D)
  2 nagas (D)
  2 insubstantial wisps (D)
  A water moccasin (D)
  2 hell hounds (D)
  An ice beast (D)
  2 orc warriors (D)
  2 necrophages (D)
  Sigmund (D)
  Blork the orc (D)
  A wight (D)
  A quasit (D)
  Dowan (D)
  2 iron imps (D)
  Crazy Yiuf (D)
  An orc priest (D)
  An orc wizard (D)
  Jessica (D)
  An adder (D)
  2 shadow imps (D)
  An ufetubus (D)
  An adder skeleton (D)
  An adder simulacrum (D)
  2 orcs (D)
  2 ball pythons (D)
  2 bat zombies (D)
  A bat simulacrum (D)
  A giant cockroach simulacrum (D)
  A giant cockroach zombie (D)
  A giant gecko zombie (D)
  A quokka simulacrum (D)
  2 quokka skeletons (D)
72 creatures vanquished.

Vanquished Creatures (collateral kills)
  A bat zombie (D)
1 creature vanquished.

Vanquished Creatures (others)
  2 lightning spires (D)
2 creatures vanquished.

Grand Total: 75 creatures vanquished

Notes
Turn   | Place    | Note
--------------------------------------------------------------
     0 | D        | BluebellGnoll, the Octopode Fire Elementalist, began the quest for the Orb.
     0 | D        | Reached XP level 1. HP: 11/11 MP: 3/3
     0 | D        | Found a viscous altar of Jiyva.
     0 | D        | Found a corrupted altar of Lugonu.
     0 | D        | Found a white marble altar of Elyvilon.
     2 | D        | Found a sparkling altar of Nemelex Xobeh.
     2 | D        | Found a burning altar of Makhleb.
     3 | D        | Found a deep blue altar of Sif Muna.
     3 | D        | Found a bloodstained altar of Trog.
     7 | D        | Found an iron altar of Okawaru.
    18 | D        | Found a radiant altar of Vehumet.
    26 | D        | Found a basalt altar of Yredelemnul.
    27 | D        | Found a shimmering altar of Xom.
    39 | D        | Reached skill level 7 in Shields
    39 | D        | Reached XP level 2. HP: 17/17 MP: 4/4
    45 | D        | Became a worshipper of Vehumet
    53 | D        | Learned a level 2 spell: Throw Flame
    53 | D        | Entered arena 1.
    53 | D        | Noticed a two-headed ogre
    53 | D        | Noticed a two-headed ogre
    58 | D        | Killed a two-headed ogre
    58 | D        | Reached skill level 5 in Spellcasting
    58 | D        | Reached XP level 3. HP: 21/21 MP: 4/11
    58 | D        | Reached XP level 4. HP: 27/27 MP: 5/14
    58 | D        | Reached XP level 5. HP: 31/31 MP: 5/16
    60 | D        | Killed a two-headed ogre
    60 | D        | Reached skill level 9 in Conjurations
    60 | D        | Reached XP level 6. HP: 36/36 MP: 5/21
    66 | D        | Learned a level 4 spell: Sticky Flame
    72 | D        | Learned a level 5 spell: Fireball
    99 | D        | Entered arena 2.
    99 | D        | Noticed an air elemental
    99 | D        | Noticed an insubstantial wisp
    99 | D        | Noticed an insubstantial wisp
   101 | D        | Killed an air elemental
   101 | D        | Reached skill level 10 in Conjurations
   101 | D        | Reached XP level 7. HP: 41/41 MP: 11/23
   108 | D        | Killed an insubstantial wisp
   108 | D        | Killed an insubstantial wisp
   108 | D        | Reached skill level 11 in Conjurations
   141 | D        | Entered arena 3.
   141 | D        | Noticed a draconian
   141 | D        | Noticed a draconian
   141 | D        | Noticed a draconian
   141 | D        | Noticed a draconian
   144 | D        | Killed a draconian
   144 | D        | Acquired Vehumet's first power
   144 | D        | Offered knowledge of Magic Dart by Vehumet.
   144 | D        | Reached skill level 10 in Spellcasting
   144 | D        | Reached skill level 12 in Conjurations
   144 | D        | Reached XP level 8. HP: 46/46 MP: 9/27
   145 | D        | Killed a draconian
   145 | D        | Killed a draconian
   145 | D        | Reached skill level 13 in Conjurations
   145 | D        | Reached XP level 9. HP: 51/51 MP: 7/29
   145 | D        | Killed a draconian
   193 | D        | Entered arena 4.
   193 | D        | Noticed an iron imp
   193 | D        | Noticed a hell hound
   195 | D        | Killed a hell hound
   196 | D        | Upgraded the game from 0.16-a0-3803-gd4b2de5 to 0.16-a0-3807-g3748f16
   198 | D        | Killed an iron imp
   198 | D        | Acquired Vehumet's second power
   204 | D        | Got the ring "Opuurih" {rF- Str+3 Dex+4}
   354 | D        | Entered arena 5.
   354 | D        | Noticed Sigmund
   354 | D        | Noticed Jessica
   354 | D        | Noticed Blork the orc
   354 | D        | Noticed Crazy Yiuf
   354 | D        | Noticed Dowan
   355 | D        | Killed Sigmund
   355 | D        | Offered knowledge of Sting by Vehumet.
   355 | D        | Killed Jessica
   355 | D        | Reached skill level 5 in Dodging
   356 | D        | Killed Crazy Yiuf
   356 | D        | Killed Dowan
   356 | D        | Acquired Vehumet's third power
   356 | D        | Killed Blork the orc
   391 | D        | Entered arena 6.
   391 | D        | Noticed a yaktaur
   391 | D        | Noticed a vault guard
   391 | D        | Noticed a vault guard
   391 | D        | Noticed a sphinx
   391 | D        | Noticed an ogre mage
   391 | D        | Noticed a vault guard
   393 | D        | Killed an ogre mage
   393 | D        | Reached XP level 10. HP: 56/56 MP: 19/30
   395 | D        | Killed a yaktaur
   395 | D        | Reached skill level 10 in Dodging
   395 | D        | Killed a vault guard
   396 | D        | Killed a vault guard
   397 | D        | Killed a sphinx
   397 | D        | Reached skill level 15 in Dodging
   397 | D        | Reached XP level 11. HP: 61/61 MP: 12/31
   402 | D        | Killed a vault guard
   402 | D        | Reached skill level 16 in Dodging
   404 | D        | Got the +6 blowgun of Conformity {speed, rElec rC+ MR+ Str+3 Int+3}
   417 | D        | Identified the Tome of the Creative Birds (You found it in the Dungeon)
   466 | D        | Entered arena 7.
   466 | D        | Noticed an orc priest
   466 | D        | Noticed an orc wizard
   466 | D        | Noticed an orc warrior
   466 | D        | Noticed an orc warrior
   467 | D        | Killed an orc warrior
   467 | D        | Reached skill level 1 in Fighting
   467 | D        | Killed an orc warrior
   467 | D        | Killed an orc priest
   467 | D        | Killed an orc wizard
   492 | D        | Learned a level 4 spell: Summon Lightning Spire
   492 | D        | Entered arena 8.
   492 | D        | Noticed a naga
   492 | D        | Noticed a black mamba
   492 | D        | Noticed a water moccasin
   492 | D        | Noticed a naga
   494 | D        | Killed a naga
   494 | D        | Reached skill level 1 in Air Magic
   495 | D        | Killed a black mamba
   495 | D        | Killed a water moccasin
   498 | D        | Killed a naga
   528 | D        | Learned a level 3 spell: Mephitic Cloud
   548 | D        | Entered arena 9.
   548 | D        | Noticed a quasit
   548 | D        | Noticed an iron imp
   548 | D        | Noticed a wretched star
   548 | D        | Noticed a kobold demonologist
   548 | D        | Noticed a wraith
   548 | D        | Noticed a large abomination
   549 | D        | Offered knowledge of Throw Frost by Vehumet.
   550 | D        | Killed a wraith
   550 | D        | Killed a kobold demonologist
   550 | D        | Killed a quasit
   552 | D        | Killed a large abomination
   555 | D        | Killed an iron imp
   565 | D        | Killed a wretched star
   565 | D        | Reached skill level 15 in Conjurations
   657 | D        | Entered arena 10.
   657 | D        | Noticed an ice beast
   657 | D        | Noticed a polar bear
   657 | D        | Noticed a blue devil
   657 | D        | Noticed a polar bear
   657 | D        | Noticed a polar bear
   660 | D        | Killed an ice beast
   660 | D        | Reached skill level 5 in Air Magic
   661 | D        | Killed a polar bear
   661 | D        | Killed a polar bear
   661 | D        | Killed a blue devil
   667 | D        | Killed a polar bear
   728 | D        | Learned a level 4 spell: Airstrike
   728 | D        | Entered arena 11.
   728 | D        | Noticed a shadow
   728 | D        | Noticed a vampire
   728 | D        | Noticed a wight
   728 | D        | Noticed a necromancer
   728 | D        | Noticed a necrophage
   728 | D        | Noticed a vampire mage
   729 | D        | Noticed a vampire
   729 | D        | Offered knowledge of Fulminant Prism by Vehumet.
   730 | D        | Killed a vampire
   730 | D        | Killed a wight
   731 | D        | Killed a necrophage
   734 | D        | Killed a shadow
   735 | D        | Killed a necromancer
   735 | D        | Killed a vampire mage
   735 | D        | Reached skill level 10 in Air Magic
   739 | D        | Killed a vampire
   757 | D        | Learned a level 3 spell: Dazzling Spray
   792 | D        | Entered arena 12.
   792 | D        | Noticed an ice devil
   792 | D        | Noticed a hell hog
   792 | D        | Noticed a hell hound
   792 | D        | Noticed a skeletal warrior
   792 | D        | Noticed a necrophage
   792 | D        | Noticed a reaper
   792 | D        | Noticed a blue devil
   796 | D        | Killed a blue devil
   797 | D        | Killed a necrophage
   800 | D        | Killed an ice devil
   800 | D        | Reached XP level 12. HP: 72/72 MP: 14/33
   804 | D        | Killed a hell hound
   807 | D        | Killed a skeletal warrior
   809 | D        | HP: 1/72 [reaper/scythe of flaming (18)]
   809 | D        | Slain by a reaper

Action                   |  1- 3 |  4- 6 |  7- 9 | 10-12 || total
-------------------------+-------+-------+-------+-------++-------
Melee: Broad axe         |       |       |     3 |    11 ||    14
 Cast: Fireball          |       |     1 |    11 |    27 ||    39
       Flame Tongue      |       |       |     1 |     4 ||     5
       Throw Flame       |       |       |       |    12 ||    12
       Sticky Flame      |       |       |       |     2 ||     2
       Summon Lightning  |       |       |       |     2 ||     2
       Mephitic Cloud    |       |       |       |     1 ||     1
Evoke: Wand              |     1 |     3 |     5 |     7 ||    16
       Staff of energy   |       |     7 |    16 |    19 ||    42
  Use: Potion            |     4 |     1 |     1 |     1 ||     7
       Scroll            |       |       |     1 |     5 ||     6
  Eat: Chunk             |       |       |       |     3 ||     3
